 Dungeon Crawl Stone Soup version 0.27-a0-1154-gfdeffcb720 (webtiles) character file.

Game seed: 202169986883018524

15360 freelancePsychic the Covert (level 12, -8/70 (76) HPs)
             Began as a Kobold Delver on May 14, 2021.
             Was an Elder of Wu Jian.
             Mangled by Donald
             ... wielding a +6 demon trident of draining
              (32 damage)
             ... on level 2 of the Orcish Mines.
             The game lasted 00:48:20 (13576 turns).

freelancePsychic the Covert (Kobold Delver)        Turns: 13576, Time: 00:48:21

HP:   -8/70 (76)    AC: 17    Str: 12    XL:     12   Next: 56%
MP:   12/12         EV: 20    Int: 11    God:    Wu Jian [****..]
Gold: 912           SH: 13    Dex: 19    Spells: 11/11 levels left

rFire    . . .     SeeInvis .   n - +3 dagger (venom)
rCold    . . .     Faith    +   i - +2 kite shield {reflect}
rNeg     . . .     Spirit   .   I - +0 steam dragon scales
rPois    .         Reflect  +   (no helmet)
rElec    .         Harm     .   b - +1 cloak {rCorr}
rCorr    +         Rampage  .   J - +1 pair of gloves {archery}
Will     .....                  (no boots)
Stlth    +++++++...             p - amulet of faith
HPRegen  0.21/turn              k - +4 ring of protection
MPRegen  0.13/turn              w - +4 ring of protection

@: exhausted, studying 2 skills, drained
A: small, no large weapons, nightstalker 3
a: Renounce Religion, Wall Jump, Serpent's Lash


You were on level 2 of the Orcish Mines.
You worshipped Wu Jian.
Wu Jian was greatly pleased with you.
You visited 3 branches of the dungeon, and saw 13 of its levels.
You also visited: Bailey.

You collected 1016 gold pieces.
You spent 104 gold pieces at shops.

Inventory:

Hand Weapons
 a - a +0 short sword
 n - a +3 dagger of venom (weapon)
 M - the +5 long sword of Premature Burial {pain, Dex+5}
   (You took it off a wight on level 7 of the Dungeon)

   In the hands of one skilled in necromantic magic, it inflicts extra damage on
   living creatures.
   It affects your dexterity (+5).
 O - a +0 hand crossbow
 W - a +1 long sword of holy wrath
Missiles
 D - 29 poisoned darts (quivered)
 Q - a curare-tipped dart
Armour
 b - a +1 cloak of preservation (worn)
 g - a +2 leather armour of willpower
 h - a +0 buckler
 i - a +2 kite shield of reflection (worn)
 v - a +0 pair of gloves
 y - the +4 chain mail "Verec" {-Cast rElec rCorr Dex+4}
   (You found it on level 5 of the Dungeon)

   It affects your dexterity (+4).
   It insulates you from electricity.
   It prevents spellcasting.
   It protects you from acid and corrosion.
 I - +0 steam dragon scales (worn)
 J - a +1 pair of gloves of archery (worn)
Jewellery
 k - a +4 ring of protection (left hand)
 m - a ring of positive energy
 o - a ring of poison resistance
 p - an amulet of faith (around neck)
 w - a +4 ring of protection (right hand)
 G - a ring of protection from fire
 L - a +6 ring of intelligence
Wands
 x - a wand of iceblast (8)
 A - a wand of digging (4)
 H - a wand of flame (42)
Scrolls
 c - a scroll of fog
 j - 2 scrolls of enchant weapon
 q - a scroll of fear
 t - 4 scrolls of blinking
 B - 2 scrolls of immolation
 F - a scroll of amnesia
 N - a scroll of enchant armour
 R - 2 scrolls of identify {@r1}
 U - 4 scrolls of teleportation {@r4}
Potions
 d - 3 potions of attraction
 f - 7 potions of curing {@q1}
 l - 3 potions of heal wounds {@q2}
 r - 2 potions of cancellation {unknown}
 s - a potion of berserk rage {unknown}
 u - 2 potions of might {unknown}
 z - 2 potions of degeneration {unknown}
 C - a potion of resistance {unknown}
 E - a potion of flight {unknown}
 V - 2 potions of haste {@q3}
 X - a potion of experience {unknown}
Miscellaneous
 e - a tin of tremorstones (2/2)
 K - a condenser vane (inert)
 S - a piece from Xom's chessboard (14/15)


   Skills:
 + Level 9.2 Fighting
 - Level 10.0 Short Blades
 + Level 10.7 Dodging
 - Level 13.6 Stealth
 * Level 7.3 Shields
 - Level 8.0 Evocations


You had 11 spell levels left.
You didn't know any spells.
Your spell library contained the following spells:

 Spells                   Type           Power      Damage    Failure   Level
 Magic Dart               Conj           0%         1d3       77%         1
 Shock                    Conj/Air       0%         1d3       77%         1
 Blink                    Tloc           N/A        N/A       88%         2
 Call Imp                 Summ           0%         N/A       88%         2
 Slow                     Hex            0%         N/A       88%         2
 Static Discharge         Conj/Air       0%         N/A       88%         2
 Confusing Touch          Hex            0%         N/A       98%         3
 Conjure Flame            Conj/Fire      0%         6-21      98%         3
 Gell's Gravitas          Tloc           0%         N/A       98%         3
 Mephitic Cloud           Conj/Pois/Air  0%         N/A       98%         3
 Swiftness                Air            0%         N/A       98%         3
 Airstrike                Air            0%         N/A       100%        4
 Petrify                  Tmut/Erth      0%         N/A       100%        4
 Bolt of Magma            Conj/Fire/Erth 0%         4d4       100%        5
 Iskenderun's Battlesphe  Conj           0%         2d6       100%        5
 Lightning Bolt           Conj/Air       0%         1d11      100%        5
 Metabolic Englaciation   Hex/Ice        0%         N/A       100%        5
 Yara's Violent Unravell  Hex/Tmut       0%         3d3       100%        5
 Iron Shot                Conj/Erth      0%         9d1       100%        6
 Orb of Destruction       Conj           0%         N/A       100%        7
 Spellforged Servitor     Conj/Summ      0%         N/A       100%        7


Dungeon Overview and Level Annotations

Branches:
Dungeon (10/15)            Temple (1/1) D:4             Orc (2/2) D:10
 Bailey (visited)
   Lair: D:8-11         Elf: Orc:2

Altars:
Ashenzari
Cheibriados
Fedhas
Gozag
Hepliaklqana
Kikubaaqudgha
Makhleb
Nemelex Xobeh
Okawaru
Qazlal
Ru
Sif Muna
Wu Jian
Xom
Yredelemnul
Zin
The Shining One

Shops:
D:6 !   D:9 [   D:10 =

Annotations:
D:6 Grinder
Orc:2 Donald


Innate Abilities, Weirdness & Mutations

You are small and have problems with some larger weapons.
You are completely attuned to the shadows.


Message History

Wisps of shadow whirl around you...
Donald hits your orc priest with a +6 demon trident of draining!!
Your orc priest dies!
Your orc priest's corpse dissolves into shadows!
What are your orders? t - Shout!
Orders for allies: a - Attack new target. r - Retreat! s - Stop attacking. g - Guard the area. f - Follow me.
Anything else - Cancel.
Gang up on whom?
Press: ? - help, Dir - move target, f - Donald
Aim: Donald, wielding a +6 demon trident of draining, wearing a +2 plate armour of cold resistance and wearing a +0 kite shield (lightly wounded, fast, strong, very poisoned, ally target) Attack!
Donald says, "And you think you've got it bad..."
Your orc warrior barely misses Donald.
Your orc priest calls down the wrath of Beogh upon Donald.
Donald is smitten.
Your orc warrior closely misses Donald.
Your orc hits Donald but does no damage.
Aiming: Throw Flame
Press: ? - help, Shift-Dir - straight line, f/p - Donald
Aim: Donald, wielding a +6 demon trident of draining, wearing a +2 plate armour of cold resistance and wearing a +0 kite shield (lightly wounded, fast, strong, very poisoned, ally target, 89% to hit)
Donald blocks the puff of flame.
Donald hits you from afar with a +6 demon trident of draining!
You feel drained. Donald closely misses you.
Your orc warrior closely misses Donald.
Your orc warrior hits Donald but does no damage.
Donald blocks your orc's attack.
Your orc hits Donald with a +0 club.
Donald says, "I ran into an orc.
He called himself a warlord, and I asked what war?"
Donald hits your orc with a +6 demon trident of draining!!
Your orc dies!
Your orc's corpse dissolves into shadows!
Donald blocks your orc wizard's attack.
Your orc warrior hits Donald from afar with a +0 glaive!
Your orc warrior hits Donald but does no damage.
Donald says, "No way as a way?
Sounds like nonsense."
Donald blocks your orc's attack.
Donald says, "Don't you get tired of all these old geezers telling you what to do?"
Donald hits you from afar with a +6 demon trident of draining!!
You die...

......... #..## .........
##...# ........#
###...#### ........#
##........### #......##
#...........##
........#####...........^#
......oooo##..............
.....oo@o..##.............
.....ooo.@........#.......
.#.##...........###......
#...........# ##.....
#............####.[..
#...............)....
.§.......[[...
.o§..........#
#....)....## #...[....##


You could see Donald (fast, strong, poisoned, ally target), 2 friendly orc
warriors, a friendly orc priest (summoned), 3 friendly orc wizards and 4
friendly orcs.

Vanquished Creatures
  2 orc warlords
  Snorg (Orc:1)
  A hydra (D:7)
  Erolcha (D:10)
  2 two-headed ogres (D:10)
  A gargoyle (D:10)
  Maggie (D:7)
  4 trolls
  A hornet (D:8)
  A wraith (D:7)
  5 yaks
  3 wyverns
  Grum (D:9)
  A vampire mosquito (D:7)
  A warg (Orc:1)
  Edmund (D:5)
  An acid dragon (D:9)
  Duvessa (D:7)
  2 water moccasins
  17 orc warriors
  An ice beast (D:5)
  3 ogres
  7 centaurs
  3 wolves (D:9)
  A phantom (D:4)
  2 kobold brigands
  4 bullfrogs
  A wyvern zombie (D:7)
  A scorpion (D:3)
  A water moccasin zombie (D:5)
  Dowan (D:7)
  6 howler monkeys
  10 killer bees
  6 wights
  2 bullfrog zombies (D:5)
  A centaur zombie (D:5)
  3 hounds
  A jelly (D:5)
  7 orc priests
  2 bullfrog skeletons
  Ijyb (D:5)
  5 iguanas
  20 orc wizards
  2 killer bee zombies
  A howler monkey zombie (D:9)
  3 adders
  3 gnolls
  A white imp (D:8)
  An adder skeleton (D:4)
  An adder zombie (D:5)
  A dart slug (D:4)
  49 orcs
  9 ball pythons
  4 endoplasms
  3 giant cockroaches
  9 goblins
  7 hobgoblins
  3 jackals (D:4)
  2 quokkas
  3 bats
  8 frilled lizards
  19 kobolds
  3 rats
  2 butterflies (D:10)
271 creatures vanquished.

Vanquished Creatures (others)
  A plant (D:10)
1 creature vanquished.

Grand Total: 272 creatures vanquished

Notes
Turn   | Place    | Note
-------+----------+-------------------------------------------
     0 | D:5      | freelancePsychic the Kobold Delver began the quest for the
                  | Orb.
     0 | D:5      | Reached XP level 1. HP: 14/14 MP: 1/1
    32 | D:4      | Noticed a phantom
    59 | D:4      | Found a staircase to the Ecumenical Temple.
    67 | Temple   | Entered the Ecumenical Temple
   194 | Temple   | Became a worshipper of the Wu Jian Council
   276 | D:4      | Noticed a bullfrog
   441 | D:3      | Reached XP level 2. HP: 19/19 MP: 2/2
   550 | D:3      | Noticed a scorpion
   713 | D:2      | Reached skill level 7 in Stealth
   907 | D:2      | Found a faded altar of an unknown god.
  1082 | D:2      | Reached XP level 3. HP: 19/23 MP: 3/3
  2205 | D:1      | Noticed a minotaur zombie
  2216 | D:1      | Noticed a minotaur zombie
  2223 | D:1      | Noticed a minotaur zombie
  2584 | D:2      | Reached * piety under Wu Jian
  2776 | D:3      | Killed a scorpion
  2777 | D:3      | Reached skill level 5 in Short Blades
  2777 | D:3      | Reached XP level 4. HP: 28/28 MP: 4/4
  2777 | D:3      | Reached XP level 5. HP: 32/32 MP: 5/5
  2805 | D:3      | Reached skill level 8 in Stealth
  2885 | D:3      | You fall into a shaft and drop 3 floors!
  2885 | D:6      | Found a basalt altar of Yredelemnul.
  2915 | D:6      | Found Qoyvyh's Distillery.
  2924 | D:6      | Found an iron altar of Okawaru.
  2925 | D:6      | Noticed a water moccasin
  3061 | D:3      | Reached XP level 6. HP: 10/37 MP: 6/6
  3991 | D:4      | Noticed an ogre
  3992 | D:4      | Killed an ogre
  3999 | D:4      | Reached XP level 7. HP: 41/41 MP: 7/7
  4009 | D:4      | Noticed a yak
  4033 | D:4      | Killed a yak
  4034 | D:4      | Reached skill level 9 in Stealth
  4195 | D:4      | Found an opulent altar of Gozag.
  4214 | D:4      | Found a stormy altar of Qazlal.
  4315 | D:4      | Found a hazy altar of Hepliaklqana.
  4513 | D:4      | Reached XP level 8. HP: 36/46 MP: 8/8
  5169 | D:5      | Found a blossoming altar of Fedhas.
  5283 | D:5      | Reached ** piety under Wu Jian
  5284 | D:5      | Reached skill level 10 in Short Blades
  5301 | D:5      | Reached skill level 10 in Stealth
  5323 | D:5      | Found a broken altar of Ashenzari.
  5340 | D:5      | Reached skill level 11 in Stealth
  5341 | D:5      | Noticed Edmund
  5344 | D:5      | Killed Edmund
  5440 | D:5      | Noticed Ijyb
  5444 | D:5      | Killed Ijyb
  5970 | D:5      | Identified the +4 chain mail "Verec" {-Cast rElec rCorr
                  | Dex+4}
  6068 | D:6      | Reached XP level 9. HP: 44/52 MP: 9/9
  6338 | D:6      | Noticed Grinder
  6516 | D:6      | Reached skill level 5 in Fighting
  6602 | D:6      | Bought a potion of invisibility for 104 gold pieces
  6613 | D:6      | Reached skill level 12 in Stealth
  6892 | D:7      | Identified the ring "Utwyset" {Fly rF++ rCorr Dex-2 Slay-4}
  7064 | D:7      | Noticed a gargoyle
  7064 | D:7      | Noticed a slime creature
  7064 | D:7      | Noticed a gargoyle
  7095 | D:7      | Noticed Maggie
  7098 | D:7      | Killed Maggie
  7099 | D:7      | Reached skill level 13 in Stealth
  7112 | D:7      | Identified a scroll of acquirement
  7112 | D:7      | Acquired a +2 kite shield of reflection
  7184 | D:7      | Noticed Duvessa
  7186 | D:7      | Noticed Dowan
  7188 | D:7      | Killed Duvessa
  7194 | D:7      | Killed Dowan
  7194 | D:7      | Reached *** piety under Wu Jian
  7197 | D:7      | Noticed a troll
  7198 | D:7      | Noticed a five-headed hydra
  7220 | D:7      | Killed a troll
  7221 | D:7      | Reached skill level 1 in Shields
  7356 | D:7      | Reached XP level 10. HP: 45/63 MP: 10/10
  7611 | D:7      | Found a sparkling altar of Nemelex Xobeh.
  7904 | D:7      | Killed a five-headed hydra
  8027 | D:7      | Reached skill level 1 in Evocations
  8083 | D:7      | Identified the +5 long sword of Premature Burial {pain,
                  | Dex+5}
  8852 | D:8      | Paralysed by a hornet for 1 turns
  9468 | D:8      | Found a glowing silver altar of Zin.
  9468 | D:8      | Noticed an angel
  9517 | D:9      | Reached skill level 5 in Evocations
  9554 | D:9      | Noticed Grum
  9555 | D:9      | Reached XP level 11. HP: 68/68 MP: 11/11
  9555 | D:9      | Killed Grum
  9888 | D:10     | Entered Level 10 of the Dungeon
 10329 | D:10     | Noticed a two-headed ogre
 10335 | D:10     | Killed a two-headed ogre
 10643 | D:10     | Noticed a two-headed ogre
 10644 | D:10     | Killed a two-headed ogre
 10824 | D:10     | Found a shimmering altar of Xom.
 10879 | D:10     | Noticed Erolcha
 10881 | D:10     | Killed Erolcha
 10882 | D:10     | Reached skill level 5 in Shields
 10967 | D:10     | Found a staircase to the Orcish Mines.
 11138 | D:10     | Found Esisausehy's Jewellery Shoppe.
 11399 | D:9      | Found a shimmering blue altar of Sif Muna.
 11615 | D:9      | Found Pofrusy's Armour Emporium.
 11922 | Orc:1    | Entered Level 1 of the Orcish Mines
 11940 | Orc:1    | Reached **** piety under Wu Jian
 12163 | Orc:1    | Noticed an orc warlord
 12167 | Orc:1    | Reached XP level 12. HP: 62/74 MP: 12/12
 12186 | Orc:1    | Killed an orc warlord
 12187 | Orc:1    | Reached skill level 10 in Dodging
 12266 | Orc:2    | Entered Level 2 of the Orcish Mines
 12290 | Orc:1    | Found a flagged portal.
 12298 | Bailey   | Entered a bailey
 12489 | Bailey   | Noticed an orc warlord
 12554 | Bailey   | Found a runed translucent gate.
 12554 | Bailey   | Found a runed translucent gate.
 12555 | Bailey   | Found a runed translucent gate.
 12621 | Bailey   | Killed an orc warlord
 12800 | Bailey   | Acquired a manual of Long Blades
 12977 | Orc:1    | Identified the +9 hand axe "Wympayp" {freeze, +Blink rN++
                  | rCorr Str-5}
 13133 | Orc:1    | Noticed Snorg
 13134 | Orc:1    | Killed Snorg
 13568 | Orc:2    | Noticed Donald
 13576 | Orc:2    | Mangled by Donald

Illustrated notes

Levels and vault maps discovered:
D:1:      shiori_arrival_whats_in_store_for_you, layout_basic,
          chequers_serial_rivers_micro_a, hex_intersection
D:2:      layout_loops_ring, hellmonk_ecumenical_altar_inner_sanctum,
          grunt_ministairs_4
D:3:      layout_loops_corners, minmay_fractal_squares_5
D:4:      minmay_chambers_of_fours, layout_basic, general_overflow_altar,
          worldfamousw_hep_ancestral_shrine, amcnicky_altar_gilded,
          minmay_temple_entry_poolview, minmay_manual_mail
D:5:      layout_basic, evilmike_ruin_ashenzari, lemuel_crystal_altar,
          hex_medium, grunt_ministairs_2, uniq_edmund, uniq_ijyb
D:6:      layout_basic, okawaru_ov_weapons_minmay, grunt_temple_overflow_open,
          serial_shops, nicolae_shop_temple_entry_statues_fountains,
          lightli_orcish_oven, uniq_grinder
D:7:      minmay_the_grid_octo_triangle [minmay_the_grid_octo_vomiting_pacman,
          minmay_the_grid_octo_prize_square_snowflake,
          minmay_the_grid_octo_teeth], layout_basic, vehumet_statue,
          nemelex_diamond_rough_becter, amcnicky_mini_corridor_feature,
          minmay_misc_feat_ornament, uniq_maggie, uniq_duvessa
D:8:      layout_gridville, zin_angel
D:9:      layout_small_grid, led_sif_pool, serial_shops, shop,
          grunt_ministairs_1, dk_noncrumbling_2, st_stairs_8,
          minmay_misc_feat_enclosed, uniq_grum
D:10:     layout_gridville, xom_butterflies, orc_0_dummy, serial_shops,
          kennysheep_mini_moat, glass_columns_c, serial_bayou_crossing,
          uniq_erolcha
Temple:   jpeg_temple_island
Orc:1:    emtedronai_trogs_sanctum, layout_caves, enter_bailey_2, uniq_sonja,
          uniq_snorg
Orc:2:    grunt_orc_cross, layout_diamond_mine, mines5_lemuel, uniq_jorgrun,
          uniq_donald, uniq_saint_roka

Skill      XL: |  1  2  3  4  5  6  7  8  9 10 11 12 |
---------------+-------------------------------------+-----
Short Blades   | 3 5 6 7 9 10 | 10.0
Stealth        | 7 8 9 11 13 | 13.6
Fighting       | 4 7 8 9 |  9.2
Shields        | 1 2 5 7 |  7.3
Dodging        | 8 9 10 | 10.7
Evocations     | 5 8 |  8.0

Action                   |  1- 3 |  4- 6 |  7- 9 | 10-12 || total
-------------------------+-------+-------+-------+-------++-------
Melee: Short sword       |    53 |       |       |       ||    53
       Dagger            |    18 |    52 |   261 |   724 ||  1055
Throw: Dart              |       |       |     3 |     5 ||     8
Invok: Lunge             |    16 |    15 |    26 |    58 ||   115
       Whirlwind         |       |       |    20 |   109 ||   129
       Serpent's Lash    |       |       |       |    23 ||    23
 Abil: Wall Jump         |       |       |     4 |     2 ||     6
Evoke: Wand              |     3 |       |       |    13 ||    16
       Condenser vane    |       |       |       |     2 ||     2
       Piece from Xom's  |       |       |       |     1 ||     1
  Use: Scroll            |     2 |     4 |     7 |     9 ||    22
       Potion            |     1 |       |     2 |     5 ||     8
 Stab: Sleeping          |    20 |    17 |    31 |    39 ||   107
       Distracted        |       |     1 |       |     7 ||     8
Armor: Leather armour    |     8 |     6 |    34 |       ||    48
       Steam dragon scal |       |       |     6 |    91 ||    97
Dodge: Dodged            |    31 |    15 |    66 |   250 ||   362
Block: Buckler           |     7 |     7 |    19 |       ||    33
       Kite shield       |       |       |    13 |   262 ||   275
       Reflection        |       |       |     1 |     3 ||     4

Table legend: (Time is in decaauts)
 A = Elapsed time spent in this place.
 B = Non-inter-level travel time spent in this place.
 C = Inter-level travel time spent in this place.
 D = Time resting spent in this place.
 E = Time spent auto-exploring this place.
 F = Levels seen in this place.
 G = Mean time per level.
                   A        B        C        D        E       F      G
               +--------+--------+--------+--------+--------+-----+--------+
         Total |  13427 |  12914 |    513 |   2134 |   7951 |  14 |  959.1 |
       Dungeon |  11853 |  11394 |    459 |   1625 |   7490 |  10 | 1185.3 |
        Temple |    153 |    126 |     27 |      0 |    120 |   1 |  153.0 |
  Orcish Mines |    756 |    729 |     27 |    184 |    257 |   2 |  378.0 |
        Bailey |    664 |    664 |      0 |    325 |     83 |   1 |  664.0 |
               +--------+--------+--------+--------+--------+-----+--------+

Top non-repeatable levels by time:
     D:7: 1695 daAuts
    D:10: 1631 daAuts
     D:4: 1357 daAuts
     D:3: 1320 daAuts
     D:2: 1069 daAuts
     D:1: 1060 daAuts
     D:9: 983 daAuts
     D:8: 916 daAuts
     D:6: 909 daAuts
     D:5: 909 daAuts
  Bailey: 664 daAuts
   Orc:1: 454 daAuts
   Orc:2: 302 daAuts
  Temple: 153 daAuts
